Match 37879090
Unlisted

Match 37879090
End
Royal Engineer Section
Construct Section Command Post
Infantry Section
Selects Indian Artillery Battlegroup
Infantry Section
Selects War Cry
Dingo Light Scout Car
Construct Platoon Command Post
Selects Gurkha Rifles Section
Gurkha Rifles Section
Construct Field Infirmary
6-pounder Anti-tank Gun Team
Infantry Training
Selects Pillage
Gurkha Rifles Section
Construct Company Command Post
Selects Artillery Saturation
Crusader II Medium Tank
Selects Off-map Airburst Barrage
Off-map Airburst Barrage
Crusader II Medium Tank
Selects Perimeter Monitor
Off-map Airburst Barrage
Grenade Package
Foot Guards Section
Unlock M3 Grant Medium Tanks
Foot Guards Section
Perimeter Monitor
M3 Grant Medium Tank
War Cry
Off-map Airburst Barrage
M3 Grant Medium Tank
STALKER4732
kit.ohume
Devochkin
yapster
HIMYNAMEISHO
waynoss88
0
0

Comments sign in to comment!

No comments posted yet!